AoeStats
← Podocytoma

Black Forest

510341697Analyzed
2v2 RM · 1d ago on Sep 30, 2026· 69m 43s· 4 players
Game mode
Random Map
Map size
Medium (4 player)
Population
200
Speed
Normal
Resources
Standard
Victory
Conquest
Starting age
Dark Age
Ending age
Imperial Age
RankedLock teamsTeams togetherTeam positionsShared explorationLock speedFull tech treeHidden civsTurbo modeCheats
Victory
Defeat
🇬🇧 Goths · United Kingdom
725
+15
🇬🇧 Romans · United Kingdom
705
+16
🇨🇿 Hindustanis · Czechia
709
-16
🇪🇸 Portuguese · Spain
693
-15
Jan Žižka
0:46 Loom
13:05 Feudal Age
13:58 Town Watch
15:23 Wheelbarrow
20:47 Castle Age
19:04 Man-at-Arms
23:43 Double-Bit Axe
25:19 Horse Collar
27:44 Heavy Plow
28:29 Bow Saw
28:50 Caravan
32:49 Imperial Age
30:25 Gold Mining
30:31 Long Swordsman
31:12 Squires
31:24 Forging
31:14 Scale Mail Armor
32:13 Gold Shaft Mining
32:03 Fortified Wall
33:14 Chain Mail Armor
33:10 Stone Mining
34:34 Chemistry
33:10 Two-Handed Swordsman
34:36 Hand Cart
34:34 Arson
35:15 Ballistics
35:19 Town Patrol
37:08 Two-Man Saw
36:45 Stone Shaft Mining
37:17 Iron Casting
37:11 Murder Holes
37:27 Masonry
37:49 Conscription
40:22 Blast Furnace
39:19 Champion
41:03 Pikeman
41:59 Grand Trunk Road
44:14 Scale Barding Armor
44:01 Fletching
44:11 Padded Archer Armor
44:20 Siege Engineers
44:44 Shatagni
46:37 Hoardings
48:09 Siege Elephant
50:06 Elite Ghulam
51:16 Chain Barding Armor
51:12 Leather Archer Armor
50:52 Bodkin Arrow
50:53 Guard Tower
52:30 Plate Barding Armor
53:30 Heavy Camel Rider
54:36 Husbandry
54:47 Bloodlines
60:55 Bracer
61:25 Ring Archer Armor
65:09 Imperial Camel Rider
Miguel España
0:56 Loom
23:25 Feudal Age
25:09 Gold Mining
30:50 Castle Age
29:35 Horse Collar
29:57 Double-Bit Axe
32:27 Bow Saw
32:31 Stone Mining
33:27 Heavy Plow
34:13 Wheelbarrow
35:33 Town Watch
39:33 Imperial Age
38:22 Hand Cart
38:59 Fortified Wall
39:41 Caravan
40:48 Stone Shaft Mining
41:45 Crop Rotation
42:47 Two-Man Saw
45:25 Chemistry
44:46 Ballistics
44:23 Murder Holes
45:33 Town Patrol
46:58 Fletching
47:09 Padded Archer Armor
47:14 Scale Barding Armor
47:10 Scale Mail Armor
47:21 Forging
46:59 Onager
48:16 Husbandry
48:27 Bloodlines
48:31 Cavalier
48:58 Capped Ram
51:30 Bodkin Arrow
61:22 Pikeman
67:19 Halberdier
Arun
1:50 Loom
17:16 Feudal Age
22:01 Castle Age
20:42 Horse Collar
20:51 Double-Bit Axe
22:54 Heavy Plow
23:07 Bow Saw
22:52 Stone Mining
24:55 Wheelbarrow
24:06 Town Watch
24:09 Pikeman
24:54 Squires
26:41 Hand Cart
26:30 Town Patrol
27:13 Stone Shaft Mining
29:17 Forging
33:19 Imperial Age
35:07 Iron Casting
34:32 Scale Mail Armor
34:28 Treadmill Crane
35:30 Guilds
35:26 Caravan
35:05 Man-at-Arms
35:06 Pikeman
36:02 Elite Huskarl
37:03 Conscription
36:30 Long Swordsman
37:38 Anarchy
37:59 Halberdier
38:00 Two-Handed Swordsman
38:42 Perfusion
38:13 Sappers
39:51 Blast Furnace
40:33 Two-Man Saw
39:50 Chain Mail Armor
40:11 Crop Rotation
39:37 Cavalier
40:17 Husbandry
40:28 Bloodlines
40:51 Champion
43:04 Light Cavalry
43:29 Onager
44:24 Scale Barding Armor
44:20 Padded Archer Armor
44:11 Fletching
44:25 Hussar
45:42 Chain Barding Armor
45:03 Capped Ram
46:33 Heavy Scorpion
48:18 Chemistry
47:39 Ballistics
47:15 Murder Holes
47:31 Masonry
50:33 Coinage
50:29 Leather Archer Armor
50:10 Bodkin Arrow
Podocytoma
0:55 Loom
20:15 Feudal Age
26:54 Castle Age
25:03 Double-Bit Axe
27:50 Husbandry
27:22 Man-at-Arms
33:25 Stone Mining
36:57 Bow Saw
40:27 Long Swordsman
43:52 Gold Mining
44:22 Fortified Wall
44:08 Horse Collar
45:47 Ballistics
46:50 Gold Shaft Mining
46:18 Squires
46:28 Heavy Plow
47:07 Wheelbarrow
47:12 Murder Holes
47:53 Ballistas
52:01 Imperial Age
49:51 Hand Cart
50:35 Forging
50:31 Scale Barding Armor
50:41 Bloodlines
51:11 Caravan
52:52 Town Watch
54:11 Chemistry
53:18 Siege Engineers
52:52 Cavalier
55:34 Crop Rotation
55:42 Masonry
58:04 Padded Archer Armor
57:54 Fletching
62:25 Heavy Scorpion
63:18 Elite Centurion
Connection lost

Rejoining the realm…

Still unreachable

The connection could not be restored.

Session expired

The server has moved on; the page needs a fresh start.